 Dungeon Crawl Stone Soup version 0.31-a0-233-g139696dc86 (webtiles) character file.

Game seed: 17019461018323379734

10467 Morbidden the Poker (level 11, -2/54 HPs)
             Began as a Vine Stalker Wanderer on July 8, 2023.
             Was a High Priest of Cheibriados.
             Slain by a catoblepas (23 damage)
             ... on level 1 of the Lair of Beasts.
             The game lasted 00:15:11 (9506 turns).

Morbidden the Poker (Vine Stalker Wanderer)         Turns: 9506, Time: 00:15:11

Health: -2/54      AC: 15    Str: 31    XL:     11   Next: 62%
Magic:  0/20       EV: 16    Int: 26    God:    Cheibriados [*****.]
Gold:   695        SH:  6    Dex: 24    Spells: 12/21 levels left

rFire   . . .        b - +2 flail (heavy)
rCold   . . .        D - +0 buckler
rNeg    . . .        d - +0 plate armour
rPois   .            r - +0 helmet
rElec   +            (no cloak)
rCorr   .            q - +0 pair of gloves
SInv    +            (no boots)
Will    +....        H - amulet of faith Stlth
                     h - ring "Hytichal" {rElec Slay+4}
HPRegen 1.09/turn    t - +5 ring of evasion
MPRegen 0.17/turn

%: guardian spirit, faith
@: very slightly contaminated, very slow
A: fangs 3, regeneration 1, magic shield, antimagic bite, no potion heal 2
a: Renounce Religion, Bend Time, Temporal Distortion, Slouch, Step From Time


You were on level 1 of the Lair of Beasts.
You worshipped Cheibriados.
Cheibriados was extremely pleased with you.
You visited 2 branches of the dungeon, and saw 11 of its levels.

You collected 695 gold pieces.

Inventory:

Hand Weapons
 a - a +3 spear
 b - a +2 heavy flail (weapon)
 i - a +1 scimitar of flaming
 B - a +0 war axe
Missiles
 A - 6 boomerangs (quivered)
 O - 9 poisoned darts
Armour
 d - a +0 plate armour (worn)
 q - a +0 pair of gloves (worn)
 r - a +0 helmet (worn)
 D - a +0 buckler (worn)
 L - +0 acid dragon scales
 N - +2 steam dragon scales
 S - a +0 troll leather armour
Jewellery
 h - the ring "Hytichal" (left hand) {rElec Slay+4}
   (You acquired it on level 10 of the Dungeon)

   [ring of slaying]

   Slay:      It affects your accuracy & damage with ranged weapons and melee
   (+4).
   rElec:     It insulates you from electricity.
 n - a +6 ring of strength
 t - a +5 ring of evasion (right hand)
 G - a ring of protection from fire
 H - an amulet of faith (around neck)
 P - a ring of wizardry
Wands
 c - a wand of mindburst (3)
 l - a wand of digging (6)
 x - a wand of charming (1)
Scrolls
 j - 10 scrolls of identify
 m - 5 scrolls of teleportation
 p - a scroll of enchant weapon
 s - 2 scrolls of poison
 v - 4 scrolls of fog
 w - 3 scrolls of enchant armour
 C - 3 scrolls of vulnerability
 F - a scroll of immolation
 I - a scroll of noise
Potions
 e - a potion of lignification {unknown}
 f - a potion of enlightenment {unknown}
 g - 2 potions of haste
 k - 2 potions of mutation {unknown}
 o - 2 potions of might
 u - a potion of invisibility {unknown}
 z - 4 potions of heal wounds {unknown}
 E - a potion of degeneration {unknown}
 J - a potion of berserk rage {unknown}
 K - a potion of attraction {unknown}
 M - 3 potions of curing {unknown}
 Q - 2 potions of ambrosia {unknown}
 R - a potion of brilliance


   Skills:
 * Level 4.8 Fighting
 * Level 4.3(6.9) Axes
 + Level 3.8(4.8) Maces & Flails
 * Level 7.2(7.8) Polearms
 + Level 1.5 Throwing
 * Level 6.0 Armour
 * Level 4.7 Dodging
 + Level 0.2 Stealth
 * Level 3.3 Shields
 * Level 5.5 Spellcasting
 * Level 4.0 Translocations
 * Level 3.8 Fire Magic
 * Level 4.6 Air Magic
 * Level 4.3 Invocations
 + Level 0.6 Evocations


You had 12 spell levels left.
You knew the following spells:

 Your Spells              Type           Power      Damage    Failure   Level
a - Vhi's Electric Charg  Tloc/Air       58%        N/A       36%         3
b - Plasma Beam           Fire/Air       14%        2x1d25    100%        6

Your spell library contained the following spells:

 Spells                   Type           Power      Damage    Failure   Level
 Cigotuvi's Dreadful Rot  Necr/Pois/Air  30%        N/A       50%         2
 Freeze                   Ice            28%        1d5       58%         1
 Magic Dart               Conj           28%        1d4       58%         1
 Inner Flame              Hex/Fire       17%        N/A       69%         3
 Call Imp                 Summ           14%        N/A       73%         2
 Mephitic Cloud           Conj/Pois/Air  15%        N/A       75%         3
 Ignite Poison            Fire/Tmut/Pois 13%        N/A       78%         3
 Frozen Ramparts          Ice            14%        1d3       91%         3
 Hailstorm                Conj/Ice       7%         3d4       91%         3
 Dispel Undead            Necr           7%         3d8       100%        4
 Ice Form                 Ice/Tmut       7%         N/A       100%        4
 Summon Ice Beast         Ice/Summ       7%         N/A       100%        4
 Arcjolt                  Conj/Air       9%         1d19      100%        5
 Freezing Cloud           Conj/Ice/Air   7%         6-21      100%        5
 Yara's Violent Unravell  Hex/Tmut       3%         3d4       100%        5
 Death Channel            Necr           3%         N/A       100%        6
 Enfeeble                 Hex            3%         N/A       100%        7
 Maxwell's Capacitive Co  Air            15%        ∞         100%        8


Dungeon Overview and Level Annotations

Branches:
Dungeon (10/15)            Temple (0/1) D:5            Lair (1/5) D:8
    Orc (0/2) D:10

Altars:
Cheibriados
Fedhas
Kikubaaqudgha
Makhleb
Nemelex Xobeh
Okawaru
Qazlal
Sif Muna
Uskayaw
Vehumet
Wu Jian
Xom

Shops:
D:5 (   D:7 *   D:10 *

Annotations:
D:3 Sigmund
D:7 exclusion: door


Innate Abilities, Weirdness & Mutations

You have razor-sharp teeth.
Your natural rate of healing is unusually fast.
When hurt, damage is shared between your health and your magic reserves.
Your bite disrupts and absorbs the magic of your enemies.
Potions cannot restore your health.


Message History

Unknown command.
Casting: Vhi's Electric Charge (dangerous; 36% risk of failure)
Confirm with . or Enter, or press ? or * to list all spells.
Charge where?
Press: ? - help, Dir - move target, f/p - catoblepas
Aim: a catoblepas (calcifying dust, 97% to hit)
You miscast Vhi's Electric Charge.
You are blasted with air.
You resist.
The catoblepas breathes a plume of calcifying dust at you.
The blast of calcifying dust hits you but does no damage.
Unknown command.
Unknown command.
Unknown command.
Unknown command.
You bludgeon the catoblepas!!
You bite the catoblepas, but do no damage.
The catoblepas is moderately wounded.
The catoblepas gores you!
The catoblepas breathes a plume of calcifying dust at you.
The blast of calcifying dust hits you.
Unknown command.
Unknown command.
The catoblepas gores you.
Unknown command.
Unknown command.
Unknown command.
You hit the catoblepas but do no damage.
The catoblepas is moderately wounded.
The catoblepas gores you!! The catoblepas gores you.
Unknown command.
Unknown command.
You don't have enough magic at the moment.
Unknown command.
Unknown command.
Unknown command.
Unknown command.
Okay, then.
As you read the scroll labelled KEVIVV QUMIOR, it crumbles to dust.
You feel aware of your surroundings.
You sensed 1 altar.
It was a scroll of revelation.
The catoblepas gores you!!
You die...

#^.##### #..# *****
###...##P#####..####.,**
##P...................,,
###.....§.............,,
###.....§.............,,
###....<§.............,,
###...................,,
###.....§.............,,
##.....@§[.......#####**
###....Y........##*
##...............P******
###...............,,,,,,
###...............,,,,,,
###......†......#*******
###..............*****,*
##...............,,,,,,,
##..............,,,,,,,


You could see a catoblepas.

Vanquished Creatures
  Erolcha (D:10)
  4 two-headed ogres
  A manticore (D:10)
  Maggie (D:8)
  Psyche (D:9)
  2 trolls
  A hornet (D:9)
  2 shadows (D:10)
  A wraith (D:10)
  5 yaks (D:9)
  Grum (D:9)
  3 steam dragons
  Menkaure (D:7)
  2 water moccasins
  An acid dragon (D:7)
  An ice beast (D:5)
  3 orc warriors
  3 sky beasts
  A black bear (D:7)
  3 wolves (D:8)
  4 ogres
  6 centaurs
  A kobold brigand (D:8)
  A bullfrog (D:9)
  A scorpion (D:7)
  16 killer bees
  A howler monkey (D:5)
  A troll zombie (D:10)
  6 hounds
  3 jellies
  An orc priest (D:9)
  2 gnoll boudas
  A sleepcap (D:8)
  Jessica (D:3)
  Natasha (thrice) (D:4)
  5 iguanas
  4 orc wizards
  5 ogre zombies (D:10)
  13 gnolls
  3 adders
  A shadow imp (D:6)
  A white imp (D:7)
  A worm (D:2)
  3 dart slugs
  28 orcs
  4 bats
  3 endoplasms
  3 giant cockroaches
  6 goblins
  8 hobgoblins
  8 jackals
  3 kobolds
  5 quokkas
  5 ball pythons
  3 frilled lizards
  3 goblin zombies (D:10)
  A hobgoblin skeleton (D:10)
  3 hobgoblin zombies (D:10)
  3 orc skeletons (D:10)
  9 orc zombies (D:10)
  6 rats
223 creatures vanquished.

Vanquished Creatures (collateral kills)
  2 orc priests (D:4)
  An orc (D:4)
3 creatures vanquished.

Vanquished Creatures (others)
  An orc wizard (D:9)
  An orc (D:9)
2 creatures vanquished.

Grand Total: 228 creatures vanquished

Notes
Turn   | Place    | Note
-------+----------+-------------------------------------------
     0 | D:1      | Morbidden the Vine Stalker Wanderer began the quest for the
                  | Orb.
     0 | D:1      | Morbidden set off with the following items: a +3 spear, a
                  | +0 mace, a scroll of fear, a +0 leather armour.
     0 | D:1      | Reached XP level 1. HP: 11/11 MP: 2/2
   250 | D:1      | Reached XP level 2. HP: 15/15 MP: 4/4
   252 | D:1      | Reached skill level 1 in Spellcasting
   672 | D:2      | Reached skill level 4 in Polearms
   677 | D:2      | Reached XP level 3. HP: 18/18 MP: 5/5
   876 | D:2      | Found an ancient bone altar of Kikubaaqudgha.
  1053 | D:2      | Found a faded altar of an unknown god.
  1515 | D:3      | Gained mutation: Your natural rate of healing is unusually
                  | fast. [Vine Stalker growth]
  1515 | D:3      | Reached XP level 4. HP: 23/23 MP: 6/6
  1518 | D:3      | Reached skill level 1 in Axes
  1605 | D:3      | Learned a level 3 spell: Vhi's Electric Charge
  1669 | D:3      | Noticed Jessica
  1672 | D:3      | Killed Jessica
  1827 | D:3      | Found an ornate altar of the Wu Jian Council.
  1841 | D:3      | Noticed Sigmund
  1846 | D:3      | Noticed a centaur
  1857 | D:3      | Killed a centaur
  1858 | D:3      | Reached XP level 5. HP: 13/26 MP: 1/8
  2123 | D:3      | Found a burning altar of Makhleb.
  2131 | D:3      | Found a stormy altar of Qazlal.
  2131 | D:3      | Noticed a sky beast
  2144 | D:3      | Killed a sky beast
  2145 | D:3      | Reached XP level 6. HP: 30/30 MP: 9/9
  2243 | D:3      | Reached skill level 1 in Air Magic
  2261 | D:3      | Found a snail-covered altar of Cheibriados.
  2265 | D:3      | Became a worshipper of Cheibriados the Contemplative
  2390 | D:4      | Reached skill level 1 in Translocations
  2429 | D:4      | Reached XP level 7. HP: 35/35 MP: 10/10
  2436 | D:4      | Reached skill level 5 in Polearms
  2463 | D:4      | Noticed Natasha
  2478 | D:4      | Killed Natasha
  2489 | D:4      | Reached skill level 1 in Invocations
  2525 | D:4      | Noticed Natasha
  2530 | D:4      | Killed Natasha
  2543 | D:4      | Noticed Natasha
  2551 | D:4      | Killed Natasha
  2590 | D:4      | Learned a level 6 spell: Plasma Beam
  2753 | D:4      | Reached * piety under Cheibriados
  2974 | D:4      | Found an iron altar of Okawaru.
  3117 | D:5      | Entered Level 5 of the Dungeon
  3297 | D:5      | Gained mutation: You have razor-sharp teeth. [Vine Stalker
                  | growth]
  3297 | D:5      | Reached XP level 8. HP: 39/39 MP: 12/12
  3516 | D:5      | Reached skill level 6 in Polearms
  3559 | D:5      | Reached ** piety under Cheibriados
  3821 | D:5      | Found Tag Diar's Weapon Shop.
  4146 | D:5      | Found a staircase to the Ecumenical Temple.
  4650 | D:6      | Reached skill level 1 in Fire Magic
  4814 | D:6      | Reached skill level 1 in Shields
  4884 | D:6      | Found a sparkling altar of Nemelex Xobeh.
  4910 | D:6      | Found a hide-covered altar of Uskayaw.
  4910 | D:6      | Found a radiant altar of Vehumet.
  5247 | D:7      | Reached XP level 9. HP: 44/44 MP: 14/14
  5403 | D:7      | Noticed Menkaure
  5408 | D:7      | Killed Menkaure
  5529 | D:7      | Found Ejam's General Store.
  5544 | D:7      | Noticed a troll
  5552 | D:7      | Killed a troll
  5874 | D:7      | Found a shimmering blue altar of Sif Muna.
  6162 | D:8      | Noticed a two-headed ogre
  6196 | D:8      | Found a staircase to the Lair.
  6336 | D:8      | Found a shimmering altar of Xom.
  6515 | D:8      | Noticed Maggie
  6527 | D:8      | Killed Maggie
  6527 | D:8      | Reached *** piety under Cheibriados
  6605 | D:8      | Noticed a two-headed ogre
  6611 | D:8      | Killed a two-headed ogre
  6612 | D:8      | Reached skill level 5 in Armour
  6612 | D:8      | Reached XP level 10. HP: 49/49 MP: 16/16
  6889 | D:8      | Found an ancient bone altar of Kikubaaqudgha.
  7081 | D:8      | Killed a two-headed ogre
  7082 | D:8      | Reached skill level 1 in Throwing
  7361 | D:8      | Found a blossoming altar of Fedhas.
  7479 | Lair:1   | Entered Level 1 of the Lair of Beasts
  7553 | Lair:1   | Noticed a black mamba
  7621 | D:9      | Noticed Grum
  7826 | D:9      | Noticed Psyche
  8033 | D:9      | Killed Psyche
  8033 | D:9      | Reached **** piety under Cheibriados
  8062 | D:9      | Killed Grum
  8304 | D:9      | Reached skill level 7 in Polearms
  8304 | D:9      | Reached XP level 11. HP: 44/54 MP: 17/19
  8375 | D:9      | Noticed a two-headed ogre
  8383 | D:9      | Killed a two-headed ogre
  8384 | D:9      | Reached skill level 5 in Spellcasting
  8618 | D:9      | Reached ***** piety under Cheibriados
  8684 | D:10     | Entered Level 10 of the Dungeon
  8686 | D:10     | Identified a scroll of acquirement
  8686 | D:10     | Acquired the ring "Hytichal" {rElec Slay+4}
  8706 | D:10     | Noticed a manticore
  8712 | D:10     | Noticed a two-headed ogre
  8715 | D:10     | Killed a manticore
  8718 | D:10     | Killed a two-headed ogre
  9024 | D:10     | Found a staircase to the Orcish Mines.
  9090 | D:10     | Found Magaut's Changing Room.
  9311 | D:10     | Noticed Erolcha
  9313 | D:10     | Killed Erolcha
  9494 | Lair:1   | Noticed a catoblepas
  9506 | Lair:1   | Slain by a catoblepas

Illustrated notes

Levels and vault maps discovered:
D:1:      shiori_arrival_oz, layout_basic
D:2:      kennysheep_six_static_rooms, layout_loops_corners, basic_altar,
          shapermc_ecumenical_altar_mp_ritualfount
D:3:      layout_basic, overflow_temple_1_default, kennysheep_slug_shrine,
          nicolae_overflow_hidden_temple, nicolae_qazlal_beasts_of_the_sky,
          uniq_jessica, uniq_sigmund
D:4:      layout_basic, okawaru_altar_gauntlet_db, minmay_door_square,
          nrook_mini_vaults, uniq_natasha
D:5:      layout_basic, minmay_temple_entry_enclosed_plants, serial_shops,
          nicolae_shop_pleasant_corner_grove, chequers_big_river
D:6:      layout_loops_cross, kennysheep_little_box,
          gammafunk_temple_overflow_pools
D:7:      layout_basic, led_sif_book, serial_shops, nicolae_shop_hallway_plus,
          kennysheep_nondescript, uniq_menkaure
D:8:      layout_basic, mainiacjoe_overflow_surrounded_room, fedhas_altar_4,
          kennysheep_mini, lair_entry_dummy, st_stairs_11, uniq_maggie
D:9:      layout_rooms, uniq_grum, uniq_psyche
D:10:     layout_cave_pools, zombieorc1_lemuel, nicolae_transmutations_shop,
          uniq_erolcha
Lair:1:   layout_long_grid, basic_altar, minivault_11, uniq_joseph,
          uniq_nergalle

Skill      XL: |  1  2  3  4  5  6  7  8  9 10 11 |
---------------+----------------------------------+-----
Spellcasting   | 1 2 3 4 5 |  5.5
Polearms       | 4 5 6 7 |  7.2
Axes           | 1 2 3 4 |  4.3
Fighting       | 2 3 4 |  4.8
Armour         | 2 4 5 6 |  6.0
Air Magic      | 1 2 3 4 |  4.6
Translocations | 1 2 3 4 |  4.0
Dodging        | 2 3 4 |  4.7
Invocations    | 1 2 3 4 |  4.3
Fire Magic     | 1 2 3 |  3.8
Shields        | 1 2 3 |  3.3
Maces & Flails | 2 3 |  3.8
Throwing       | 1 |  1.5
Stealth        | |  0.2
Evocations     | |  0.6

Action                     |  1- 3 |  4- 6 |  7- 9 | 10-12 || total
---------------------------+-------+-------+-------+-------++-------
  Melee: Spear             |    87 |    60 |   221 |    36 ||   404
         Bite              |    14 |    14 |    62 |    66 ||   156
         Punch             |       |       |     4 |       ||     4
         Flail             |       |       |    48 |   187 ||   235
  Throw: Boomerang         |       |       |    11 |    19 ||    30
         Dart              |       |       |     5 |       ||     5
   Cast: Vhi's Electric Ch |       |       |       |     2 ||     2
 Invoke: Slouch            |       |       |       |     2 ||     2
  Evoke: Wand              |       |       |     6 |     8 ||    14
    Use: Scroll            |       |       |     5 |     7 ||    12
         Potion            |       |       |     2 |       ||     2
   Stab: Distracted        |       |       |     1 |       ||     1
 Armour: Leather armour    |     6 |       |       |       ||     6
         Chain mail        |     6 |       |       |       ||     6
         Plate armour      |     4 |    25 |    88 |   135 ||   252
         Skin              |       |       |       |    29 ||    29
  Dodge: Dodged            |    26 |    16 |   187 |   294 ||   523
  Block: Buckler           |       |       |    26 |   111 ||   137

Table legend: (Time is in decaauts)
 A = Elapsed time spent in this place.
 B = Non-inter-level travel time spent in this place.
 C = Inter-level travel time spent in this place.
 D = Time resting spent in this place.
 E = Time spent auto-exploring this place.
 F = Levels seen in this place.
 G = Mean time per level.
                   A        B        C        D        E       F      G
               +--------+--------+--------+--------+--------+-----+--------+
         Total |  12452 |  11611 |    841 |   1184 |   8356 |  11 | 1132.0 |
       Dungeon |  12268 |  11429 |    839 |   1184 |   8277 |  10 | 1226.8 |
          Lair |    184 |    182 |      2 |      0 |     79 |   1 |  184.0 |
               +--------+--------+--------+--------+--------+-----+--------+

Top non-repeatable levels by time:
     D:8: 2329 daAuts
     D:5: 1851 daAuts
     D:7: 1437 daAuts
    D:10: 1228 daAuts
     D:9: 1091 daAuts
     D:4: 1078 daAuts
     D:2: 930 daAuts
     D:3: 891 daAuts
     D:6: 870 daAuts
     D:1: 559 daAuts
  Lair:1: 184 daAuts
